 Dungeon Crawl Stone Soup version 0.19.1 (webtiles) character file.

463 Patate the Covert (level 6, 0/28 HPs)
             Began as a Spriggan Enchanter on Dec 4, 2016.
             Slain by a river rat (10 damage)
             ... on level 4 of the Dungeon.
             The game lasted 00:17:37 (5808 turns).

Patate the Covert (Spriggan Enchanter)              Turns: 5808, Time: 00:17:37

Health: 0/28       AC:  3    Str:  6    XL:     6   Next: 79%
Magic:  7/11       EV: 23    Int: 16    God:
Gold:   149        SH:  0    Dex: 17    Spells: 3 memorised, 4 levels left

rFire  + . .     SeeInvis +     a - +1 dagger
rCold  . . .     Gourm    .     b - +1 robe
rNeg   . . .     Faith    .     (shield restricted)
rPois  .         Spirit   .     (helmet restricted)
rElec  .         Reflect  .     (no cloak)
rCorr  .         Harm     .     (gloves unavailable)
MR     +....                    (boots unavailable)
Stlth  ++++......               (no amulet)
                                (no ring)
                                h - ring of protection from fire

@: very slightly contaminated, very quick
A: unfitting armour, see invisible, herbivore 3, speed 3, slow metabolism 2
a: no special abilities


You were on level 4 of the Dungeon.
You were near starving.

You visited 1 branch of the dungeon, and saw 4 of its levels.

You collected 149 gold pieces.

Inventory:

Hand Weapons
 a - a +1 dagger (weapon)
Armour
 b - a +1 robe (worn)
Jewellery
 h - a ring of protection from fire (left hand)
Wands
 e - a wand of polymorph (15/24)
Scrolls
 j - a scroll of remove curse
 k - 2 scrolls of teleportation
Potions
 f - 5 potions of curing
 g - a potion of brilliance
 i - 2 potions of cancellation {unknown}
 l - a potion of degeneration {unknown}
 o - a potion of might {unknown}
 p - a potion of magic {unknown}
Books
 c - a book of Maledictions

   Spells                             Type                      Level
   a - Corona                         Hexes                        1
   b - Ensorcelled Hibernation        Hexes/Ice                    2
   c - Confuse                        Hexes                        3
   d - Tukima's Dance                 Hexes                        3
   e - Dazzling Spray                 Conjuration/Hexes            3
Comestibles
 d - 3 bread rations
 m - a slice of pizza
 n - 2 fruits


   Skills:
 - Level 1.1 Short Blades
 + Level 7.7 Dodging
 + Level 9.1 Stealth
 - Level 2.6 Spellcasting
 - Level 3.6 Hexes


You had 4 spell levels left.
You knew the following spells:

 Your Spells              Type           Power        Failure   Level  Hunger
a - Corona                Hex            ##.....      6%          1    #......
b - Ensorcelled Hibernat  Hex/Ice        #.....       17%         2    ##.....
c - Confuse               Hex            ##......     14%         3    ###....


Dungeon Overview and Level Annotations

Branches:
Dungeon (4/15)
 Temple: D:4-7

Altars:
Hepliaklqana
Okawaru
Uskayaw

Portals:
Ossuary: D:4


Innate Abilities, Weirdness & Mutations

You are very small and have problems with some larger weapons.
You are too small for most types of armour.
You have supernaturally acute eyesight. (SInv)
You are a herbivore.
You cover ground extremely quickly.
You need consume almost no food.


Message History

You are very lightly contaminated with residual magic.
You feel off-balance for a moment. The river rat closely misses you.
You hit the river rat.
The river rat is severely wounded.
The river rat completely misses you.
You barely miss the river rat.
The river rat is severely wounded.
The river rat barely misses you.
You closely miss the river rat.
The river rat is severely wounded.
You hit the river rat.
The river rat is severely wounded.
The river rat bites you.
You hit the river rat but do no damage.
The river rat is severely wounded.
The river rat bites you!
You hit the river rat but do no damage.
The river rat is severely wounded.
The river rat bites you!
You die...

.#...##...#....#....###.##...#.#
.#.>.##.#.####.#....#..........#
.#...#.......#.#....#.#.##...###
## ##'#...##.#.#....#.#.##...####
####..##..##.#.#....#.#.##.......
...#.###..##.#.##########........
.....# #..##.#.##≈≈.≈≈≈≈###.##..#
.#.#.# #.##.#.#≈#######≈#.......
.#.#.####.##.#.#@# #†####..##
.........>.....#r# #.####..##
...#.........###≈# #≈#.......
.#.#.#.##.##.###†# #≈####..##
...............#≈# #≈#.....##
............##.#≈# #≈#.......
.#.#.#.##.#.##.##≈ ##.#####...
...#.#.##.#.##.#### ###.## #.##
.^...#.##.#.##.#..# #.#.### #.#


You could see a river rat.

Vanquished Creatures
  The ghost of floAr the Skirmisher, an amateur MiFi (D:3)
  A howler monkey (D:3)
  2 orc wizards (D:3)
  Crazy Yiuf (D:2)
  A bullfrog skeleton (D:4)
  Jessica (D:2)
  4 gnolls (D:3)
  7 adders
  An ooze (D:3)
  2 worms
  A dart slug (D:4)
  2 leopard geckos (D:2)
  8 orcs
  4 bats
  2 giant cockroaches
  9 goblins
  5 hobgoblins
  9 jackals
  3 quokkas
  3 ball pythons
  A frilled lizard (D:2)
  6 kobolds
  6 rats
80 creatures vanquished.

Notes
Turn   | Place    | Note
-------+----------+-------------------------------------------
     0 | D:1      | Patate the Spriggan Enchanter began the quest for the Orb.
     0 | D:1      | Reached XP level 1. HP: 9/9 MP: 5/5
   405 | D:1      | Reached XP level 2. HP: 13/13 MP: 6/6
   414 | D:1      | Learned a level 2 spell: Ensorcelled Hibernation
   427 | D:1      | Reached skill level 5 in Stealth
  1028 | D:2      | Noticed Jessica
  1072 | D:2      | Killed Jessica
  1072 | D:2      | Reached XP level 3. HP: 16/16 MP: 2/8
  1136 | D:2      | Reached skill level 6 in Stealth
  1512 | D:2      | Reached XP level 4. HP: 21/21 MP: 9/9
  1838 | D:2      | Reached skill level 5 in Dodging
  1868 | D:2      | Found a runed door.
  2048 | D:2      | Found a hide-covered altar of Uskayaw.
  2257 | D:2      | Noticed Crazy Yiuf
  2263 | D:2      | Killed Crazy Yiuf
  2811 | D:3      | Reached skill level 7 in Stealth
  2836 | D:3      | Reached XP level 5. HP: 21/24 MP: 5/10
  2892 | D:3      | Noticed floAr's ghost (amateur MiFi)
  2984 | D:3      | Found a hazy altar of Hepliaklqana.
  3669 | D:3      | Learned a level 3 spell: Confuse
  3682 | D:3      | Reached skill level 8 in Stealth
  3757 | D:3      | Reached XP level 6. HP: 12/28 MP: 11/11
  4140 | D:3      | HP: 1/28 [floAr's ghost (11)]
  4959 | D:3      | Killed floAr's ghost
  5267 | D:4      | Reached skill level 9 in Stealth
  5399 | D:4      | Found a sand-covered staircase.
  5430 | D:4      | Found an iron altar of Okawaru.
  5808 | D:4      | Slain by a river rat

Skill      XL: |  1  2  3  4  5  6 |
---------------+-------------------+-----
Stealth        | 5 6 7 8 9 |  9.1
Dodging        | 4 5 6 7 |  7.7
Short Blades   | |  1.1
Spellcasting   | |  2.6
Hexes          | |  3.6

Action                   |  1- 3 |  4- 6 || total
-------------------------+-------+-------++-------
Melee: Dagger            |    99 |   377 ||   476
 Cast: Ensorcelled Hiber |     9 |    31 ||    40
       Confuse           |       |     5 ||     5
  Use: Scroll            |     5 |     4 ||     9
 Stab: Sleeping          |    13 |    25 ||    38
       Confused          |       |     3 ||     3
  Eat: Pizza             |       |     1 ||     1
       Fruit             |       |     3 ||     3
Armor: Robe              |    11 |    26 ||    37
Dodge: Dodged            |    96 |   324 ||   420
